SAA
LANCASTER FARMERS @ LITTLE CAESARS HOT N READYS
08/17/2024
 
TOP OF THE 1ST
Lancaster Farmers batting - Pitching for Little Caesars Hot N Readys : RHP Curt Arellano
Pitching: RHP Curt Arellano
Batting: RHB Ricardo Pacheco 0-0: Called Strike
0-1: SINGLE (Line Drive, 89M)
Batting: RHB Albert Díaz 0-0: Swinging Strike
0-1: Ball
1-1: Ball
Wild Pitch!
Ricardo Pacheco to second
2-1: Foul Ball, location: 2F
2-2: Strikes out swinging
Batting: LHB Brad Tillman 0-0: Called Strike
Ricardo Pacheco is caught stealing 3rd base
0-1: Fly out, F8 (Flyball, 8LM)
Top of the 1st over - 0 run(s), 1 hit(s), 0 error(s), 0 left on base; Lancaster 0 - Little Caesars 0
BOTTOM OF THE 1ST
Little Caesars Hot N Readys batting - Pitching for Lancaster Farmers : RHP Wally Copeland
Pitching: RHP Wally Copeland
Batting: LHB César Muńóz 0-0: Ball
1-0: Swinging Strike
1-1: SINGLE (Line Drive, 9S)
Batting: RHB Spencer Curry 0-0: Ball
César Muńóz steals 2nd base
1-0: Ground out 1-3 (Groundball, 15)
Batting: LHB Andrés Chávez 0-0: Called Strike
0-1: Ball
1-1: Ball
2-1: Foul Ball, location: 2F
2-2: Ball
3-2: SINGLE (Groundball, 34D) (infield hit)
César Muńóz to third
Batting: RHB Mo Zhou 0-0: Called Strike
0-1: Reached on error, E1 (Groundball, 13S)
César Muńóz scores
Andrés Chávez to second
Batting: SHB Ryan Forrest 0-0: Swinging Strike
0-1: Ground out 5-3 (Groundball, 56S)
Andrés Chávez to third
Mo Zhou to second
Batting: RHB John Thompson 0-0: SINGLE (Line Drive, 78S)
Andrés Chávez scores
Mo Zhou to third
Runner from 3rd tries for Home, SAFE, no throw or cutoff
Batting: RHB Mike Thompson 0-0: Ground out 6-3 (Groundball, 6)
Bottom of the 1st over - 3 run(s), 3 hit(s), 1 error(s), 1 left on base; Lancaster 0 - Little Caesars 3
TOP OF THE 2ND
Lancaster Farmers batting - Pitching for Little Caesars Hot N Readys : RHP Curt Arellano
Batting: LHB Rob Wilson 0-0: Foul Ball, location: 2F
0-1: SINGLE (Line Drive, 34)
Batting: RHB Barkley B. Cooltimes 0-0: Ball
1-0: Grounds into double play, 6-4-3 (Groundball, 6)
Batting: SHB Orlando Miranda 0-0: Called Strike
0-1: Called Strike
0-2: Ball
1-2: Ball
2-2: Ball
3-2: Base on Balls
Batting: RHB António Jiménez 0-0: Ball
Orlando Miranda steals 2nd base
1-0: Called Strike
1-1: Foul Ball, location: 2F
1-2: Reached on Error, E8 (Flyball, 8LS)
Orlando Miranda scores
Batting: LHB Ramón Gómez 0-0: Called Strike
0-1: Ball
1-1: Ball
2-1: Swinging Strike
2-2: Ball
3-2: Ground out 6-3 (Groundball, 6)
Top of the 2nd over - 1 run(s), 1 hit(s), 1 error(s), 1 left on base; Lancaster 1 - Little Caesars 3
BOTTOM OF THE 2ND
Little Caesars Hot N Readys batting - Pitching for Lancaster Farmers : RHP Wally Copeland
Batting: RHB Lorenzo Sabastro 0-0: Ground out 5-3 (Groundball, 5L)
Batting: RHB Young-hwan Hyon 0-0: Called Strike
0-1: Foul Ball, location: 2F
0-2: Ball
1-2: Ball
2-2: Foul Ball, location: 2F
2-2: Ground out 6-3 (Groundball, 6)
Batting: LHB César Muńóz 0-0: Called Strike
0-1: Ground out 4-3 (Groundball, 4M)
Bottom of the 2nd over - 0 run(s), 0 hit(s), 0 error(s), 0 left on base; Lancaster 1 - Little Caesars 3
TOP OF THE 3RD
Lancaster Farmers batting - Pitching for Little Caesars Hot N Readys : RHP Curt Arellano
Batting: RHB Rodrigo Velasco 0-0: Ground out 6-3 (Groundball, 6S)
Batting: RHB Ricardo Pacheco 0-0: Ball
1-0: Foul Ball, location: 2F
1-1: Foul Ball, location: 2F
1-2: Foul Ball, location: 2F
1-2: Ball
2-2: Ball
3-2: Base on Balls
Batting: RHB Albert Díaz 0-0: Ball
Ricardo Pacheco is caught stealing 2nd base
1-0: Ball
2-0: Ball
3-0: Base on Balls
Batting: LHB Brad Tillman 0-0: Ball
Albert Díaz steals 2nd base
1-0: Called Strike
1-1: Ball
2-1: Ground out 3-6 (Groundball, 3L)
Top of the 3rd over - 0 run(s), 0 hit(s), 0 error(s), 1 left on base; Lancaster 1 - Little Caesars 3
BOTTOM OF THE 3RD
Little Caesars Hot N Readys batting - Pitching for Lancaster Farmers : RHP Wally Copeland
Batting: RHB Spencer Curry 0-0: Ball
1-0: Called Strike
1-1: Ball
2-1: Foul Ball, location: 2F
2-2: Ball
3-2: Foul Ball, location: 2F
3-2: Ground out 6-3 (Groundball, 6M)
Batting: LHB Andrés Chávez 0-0: Ball
1-0: Called Strike
1-1: Ball
2-1: Foul Ball, location: 2F
2-2: Foul Ball, location: 2F
2-2: Ball
3-2: Base on Balls
Batting: RHB Mo Zhou 0-0: Ball
1-0: Grounds into double play, 5-4-3 (Groundball, 5)
Bottom of the 3rd over - 0 run(s), 0 hit(s), 0 error(s), 0 left on base; Lancaster 1 - Little Caesars 3
TOP OF THE 4TH
Lancaster Farmers batting - Pitching for Little Caesars Hot N Readys : RHP Curt Arellano
Batting: LHB Rob Wilson 0-0: Ball
1-0: Ground out 1-3 (Groundball, 15)
Batting: RHB Barkley B. Cooltimes 0-0: Ball
1-0: Called Strike
1-1: Swinging Strike
1-2: Ball
2-2: Ball
3-2: Ground out 6-3 (Groundball, 6)
Batting: SHB Orlando Miranda 0-0: Ground out 4-3 (Groundball, 4)
Top of the 4th over - 0 run(s), 0 hit(s), 0 error(s), 0 left on base; Lancaster 1 - Little Caesars 3
BOTTOM OF THE 4TH
Little Caesars Hot N Readys batting - Pitching for Lancaster Farmers : RHP Wally Copeland
Batting: SHB Ryan Forrest 0-0: Ball
1-0: Called Strike
1-1: Swinging Strike
1-2: DOUBLE (Line Drive, 7M)
Batting: RHB John Thompson 0-0: Called Strike
0-1: Ball
1-1: Swinging Strike
1-2: Ball
2-2: Ball
3-2: Strikes out swinging
Batting: RHB Mike Thompson 0-0: Called Strike
0-1: Ball
1-1: Ball
2-1: Foul Ball, location: 2F
2-2: DOUBLE (Flyball, 7LD)
Ryan Forrest scores
Batting: RHB Lorenzo Sabastro 0-0: Ball
1-0: Foul Ball, location: 2F
1-1: Ground out 5-3 (Groundball, 56S)
Mike Thompson to third
Batting: RHB Young-hwan Hyon 0-0: Ball
1-0: Called Strike
1-1: Ball
2-1: Ball
3-1: Base on Balls
Batting: LHB César Muńóz 0-0: Foul Ball, location: 2F
0-1: Ball
1-1: Ground out 4-3 (Groundball, 4S)
Bottom of the 4th over - 1 run(s), 2 hit(s), 0 error(s), 2 left on base; Lancaster 1 - Little Caesars 4
TOP OF THE 5TH
Lancaster Farmers batting - Pitching for Little Caesars Hot N Readys : RHP Curt Arellano
Batting: RHB António Jiménez 0-0: Foul Ball, location: 2F
0-1: Called Strike
0-2: Ball
1-2: SINGLE (Line Drive, 89S)
Batting: LHB Ramón Gómez 0-0: Sac Bunt - play at first, batter OUT! 1-3
António Jiménez to second
Batting: RHB Rodrigo Velasco 0-0: Called Strike
0-1: Foul Ball, location: 2F
0-2: Strikes out swinging
Batting: RHB Ricardo Pacheco 0-0: Ball
1-0: Ball
2-0: Ball
3-0: Foul Ball, location: 2F
3-1: TRIPLE (Groundball, 3L)
António Jiménez scores
Batting: RHB Albert Díaz 0-0: Ball
Passed Ball!
Ricardo Pacheco scores
1-0: Called Strike
1-1: Called Strike
1-2: Foul Ball, location: 2F
1-2: Foul Ball, location: 2F
1-2: Ball
2-2: Ball
3-2: SINGLE (Groundball, 5)
Batting: LHB Brad Tillman 0-0: DOUBLE (Line Drive, 8LM)
Albert Díaz to third
Batting: LHB Rob Wilson 0-0: Ball
1-0: Ball
2-0: Swinging Strike
2-1: Fly out, F7 (Flyball, 7LM)
Top of the 5th over - 2 run(s), 4 hit(s), 0 error(s), 2 left on base; Lancaster 3 - Little Caesars 4
BOTTOM OF THE 5TH
Little Caesars Hot N Readys batting - Pitching for Lancaster Farmers : RHP Wally Copeland
Batting: RHB Spencer Curry 0-0: Ball
1-0: Ball
2-0: Ball
3-0: Called Strike
3-1: Called Strike
3-2: Ground out 1-3 (Groundball, 2R)
Batting: LHB Andrés Chávez 0-0: Called Strike
0-1: Ball
1-1: Ball
2-1: Ball
3-1: Swinging Strike
3-2: Base on Balls
Batting: RHB Mo Zhou 0-0: Ball
Andrés Chávez steals 2nd base
1-0: Ball
2-0: Ball
Andrés Chávez steals 3rd base
3-0: Called Strike
3-1: Ground out 5-3 (Groundball, 5S)
Batting: SHB Ryan Forrest 0-0: Swinging Strike
0-1: Ball
1-1: Fly out, F8 (Flyball, 8LM)
Bottom of the 5th over - 0 run(s), 0 hit(s), 0 error(s), 1 left on base; Lancaster 3 - Little Caesars 4
TOP OF THE 6TH
Lancaster Farmers batting - Pitching for Little Caesars Hot N Readys : RHP Curt Arellano
Batting: RHB Barkley B. Cooltimes 0-0: Called Strike
0-1: Fly out, F8 (Flyball, 8LM)
Batting: SHB Orlando Miranda 0-0: TRIPLE (Line Drive, 8RM)
Batting: RHB António Jiménez 0-0: Ball
1-0: Foul Ball, location: 2F
1-1: Foul Ball, location: 2F
1-2: Fly out, F9 (Flyball, 89D)
Runner from 3rd tags up, SCORES, no throw
Batting: LHB Ramón Gómez 0-0: Ball
1-0: Ball
2-0: Ball
3-0: Called Strike
3-1: Base on Balls
Batting: RHB Rodrigo Velasco 0-0: Ball
Pickoff Throw to First - Error! E1
Ramón Gómez to second
1-0: Foul Ball, location: 2F
1-1: Ball
2-1: Ball
3-1: Foul Ball, location: 2F
3-2: SINGLE (Groundball, 4D)
Ramón Gómez to third
Ramón Gómez scores
Batting: RHB Ricardo Pacheco 0-0: Ball
1-0: Called Strike
1-1: Ball
2-1: Fly out, F8 (Flyball, 8RM)
Top of the 6th over - 2 run(s), 2 hit(s), 1 error(s), 1 left on base; Lancaster 5 - Little Caesars 4
BOTTOM OF THE 6TH
Little Caesars Hot N Readys batting - Pitching for Lancaster Farmers : RHP Wally Copeland
Batting: RHB John Thompson 0-0: Called Strike
0-1: Foul Ball, location: 2F
0-2: Ball
1-2: Ball
2-2: Ball
3-2: Strikes out looking
Batting: RHB Mike Thompson 0-0: Ball
1-0: Swinging Strike
1-1: Ball
2-1: Ground out 5-3 (Groundball, 5S)
Batting: RHB Lorenzo Sabastro 0-0: Ball
1-0: Foul Ball, location: 2F
1-1: Called Strike
1-2: Foul Ball, location: 2F
1-2: Ball
2-2: Strikes out swinging
Bottom of the 6th over - 0 run(s), 0 hit(s), 0 error(s), 0 left on base; Lancaster 5 - Little Caesars 4
TOP OF THE 7TH
Lancaster Farmers batting - Pitching for Little Caesars Hot N Readys : RHP Curt Arellano
Batting: RHB Albert Díaz 0-0: Called Strike
0-1: Fly out, F9 (Flyball, 89M)
Batting: LHB Brad Tillman 0-0: Ball
1-0: Swinging Strike
1-1: Foul Ball, location: 2F
1-2: Ball
2-2: Strikes out swinging
Batting: LHB Rob Wilson 0-0: Fly out, F8 (Flyball, 8RXD)
Top of the 7th over - 0 run(s), 0 hit(s), 0 error(s), 0 left on base; Lancaster 5 - Little Caesars 4
BOTTOM OF THE 7TH
Little Caesars Hot N Readys batting - Pitching for Lancaster Farmers : RHP Wally Copeland
Pitching: RHP Kyle Lucas
Batting: RHB Young-hwan Hyon 0-0: Called Strike
0-1: Called Strike
0-2: Ball
1-2: Ground out 5-3 (Groundball, 56)
Batting: LHB César Muńóz 0-0: Ball
1-0: Swinging Strike
1-1: Ball
2-1: Ball
3-1: Called Strike
3-2: Base on Balls
Pinch Hitting: LHB David Hunt 0-0: Ball
1-0: Ball
2-0: Ball
3-0: Called Strike
3-1: Foul Ball, location: 2F
3-2: SINGLE (Line Drive, 78S)
César Muńóz to second
César Muńóz to third
Batting: LHB Andrés Chávez 0-0: Foul Ball, location: 2F
0-1: Called Strike
0-2: Foul Ball, location: 2F
0-2: Ball
1-2: Ball
2-2: Foul Ball, location: 2F
2-2: Fly out, F4 (Popup, 4D)
Pinch Hitting: LHB Guy Riley 0-0: Ball
1-0: Called Strike
1-1: Called Strike
1-2: Strikes out swinging
Bottom of the 7th over - 0 run(s), 1 hit(s), 0 error(s), 2 left on base; Lancaster 5 - Little Caesars 4
TOP OF THE 8TH
Lancaster Farmers batting - Pitching for Little Caesars Hot N Readys : RHP Curt Arellano
Now at 2B: Jim Unknown
Now at 3B: Stephen Baird
Batting: RHB Barkley B. Cooltimes 0-0: Ball
1-0: Called Strike
1-1: Foul Ball, location: 2F
1-2: Foul Ball, location: 2F
1-2: Ball
2-2: Strikes out swinging
Batting: SHB Orlando Miranda 0-0: Foul Ball, location: 2F
0-1: Ball
1-1: Fly out, F7 (Line Drive, 7M)
Batting: RHB António Jiménez 0-0: Ball
1-0: Ball
2-0: Called Strike
2-1: Ball
3-1: SINGLE (Flyball, 8LS)
Pitching: RHP Jim Unknown
Batting: LHB Ramón Gómez 0-0: Called Strike
0-1: Fly out, F8 (Flyball, 8LXD)
Top of the 8th over - 0 run(s), 1 hit(s), 0 error(s), 1 left on base; Lancaster 5 - Little Caesars 4
BOTTOM OF THE 8TH
Little Caesars Hot N Readys batting - Pitching for Lancaster Farmers : RHP Kyle Lucas
Pitching: LHP Sergio Cruz
Batting: SHB Ryan Forrest 0-0: Called Strike
0-1: Ball
1-1: Ground out 5-3 (Groundball, 56)
Pitching: RHP Rubén Madrid
Batting: RHB John Thompson 0-0: Called Strike
0-1: Ball
1-1: Ball
2-1: Foul Ball, location: 2F
2-2: Fly out, F9 (Flyball, 9S)
Batting: RHB Mike Thompson 0-0: Ball
1-0: Foul Ball, location: 2F
1-1: Reached on error, E6 (Groundball, 6)
Batting: RHB Lorenzo Sabastro 0-0: Foul Ball, location: 2F
0-1: Ball
1-1: Ball
2-1: Fly out, F3 (Popup, 34)
Bottom of the 8th over - 0 run(s), 0 hit(s), 1 error(s), 1 left on base; Lancaster 5 - Little Caesars 4
TOP OF THE 9TH
Lancaster Farmers batting - Pitching for Little Caesars Hot N Readys : RHP Jim Unknown
Pitching: RHP Jim Unknown
Batting: RHB Rodrigo Velasco 0-0: Ball
1-0: SINGLE (Line Drive, 7LS)
Batting: RHB Ricardo Pacheco 0-0: Bunted foul
0-1: Ball
Rodrigo Velasco steals 2nd base
1-1: Intentional Walk
Batting: RHB Albert Díaz 0-0: Sac Bunt - play at first, batter OUT! 5-4
Rodrigo Velasco to third
Ricardo Pacheco to second
Batting: LHB Brad Tillman 0-0: Swinging Strike
0-1: Foul Ball, location: 2F
0-2: Ground out 1-3 (Groundball, 25)
Batting: LHB Rob Wilson 0-0: SINGLE (Line Drive, 89S)
Rodrigo Velasco scores
Ricardo Pacheco to third
Runner from 3rd tries for Home, SAFE, no throw or cutoff
Batting: RHB Barkley B. Cooltimes 0-0: Ball
Rob Wilson is caught stealing 2nd base
Top of the 9th over - 2 run(s), 2 hit(s), 0 error(s), 0 left on base; Lancaster 7 - Little Caesars 4
BOTTOM OF THE 9TH
Little Caesars Hot N Readys batting - Pitching for Lancaster Farmers : RHP Rubén Madrid
Pitching: LHP António Torrez
Now in CF: Carl Bryant
Batting: RHB Young-hwan Hyon 0-0: Called Strike
0-1: Ball
1-1: Fly out, F9 (Flyball, 9LM)
Batting: LHB César Muńóz 0-0: Called Strike
0-1: DOUBLE (Line Drive, 8RD)
Batting: RHB Jim Unknown 0-0: Foul Ball, location: 2F
0-1: Foul Ball, location: 2F
0-2: Ball
1-2: Ball
2-2: Foul Ball, location: 2F
2-2: Foul Ball, location: 2F
2-2: Ball
3-2: Foul Ball, location: 2F
3-2: Fly out, F4 (Popup, 4MD)
Batting: LHB Andrés Chávez 0-0: 2-RUN HOME RUN (Flyball, 9D), Distance : 371 ft
Pinch Hitting: RHB Jim Unknown 0-0: Ball
1-0: Foul Ball, location: 2F
1-1: Swinging Strike
1-2: Foul Ball, location: 2F
1-2: Foul Ball, location: 2F
1-2: Strikes out swinging
Bottom of the 9th over - 2 run(s), 2 hit(s), 0 error(s), 0 left on base; Lancaster 7 - Little Caesars 6
This league is powered by Out of the Park Baseball, the baseball management simulation game for PC, Mac and Linux
Monday, October 3rd, 2016 - OOTP Baseball 16.9 Build 39